 Dungeon Crawl Stone Soup version 0.29.1-4-g47bece8355 (webtiles) character file.

Game seed: 6813870895717558362

11 ChadusMaximus the Caller (level 2, -3/15 HPs)
             Began as a Deep Elf Summoner on Dec 4, 2022.
             Slain by a gnoll
             ... wielding a +0 spear
              (4 damage)
             ... on level 1 of the Dungeon.
             The game lasted 00:00:44 (427 turns).

ChadusMaximus the Caller (Deep Elf Summoner)         Turns: 427, Time: 00:00:45

Health: -3/15      AC:  2    Str:  5    XL:     2   Next: 13%
Magic:  6/8        EV: 12    Int: 19    God:
Gold:   11         SH:  0    Dex: 15    Spells: 6/7 levels left

rFire   . . .      SeeInvis .   c - +0 dagger
rCold   . . .      Faith    .   (no shield)
rNeg    . . .      Spirit   .   a - +0 robe
rPois   .          Reflect  .   (no helmet)
rElec   .          Harm     .   (no cloak)
rCorr   .          Rampage  .   (no gloves)
Will    .....                   (no boots)
Stlth   ++........              (no amulet)
HPRegen 0.05/turn               (no ring)
MPRegen 0.11/turn               (no ring)

@: no status effects
A: no striking features
a: no special abilities


You were on level 1 of the Dungeon.
You visited 1 branch of the dungeon, and saw 1 of its levels.

You collected 11 gold pieces.

Inventory:

Hand Weapons
 c - a +0 dagger (weapon)
Armour
 a - a +0 robe (worn)
Scrolls
 d - a scroll of identify {unknown}
Potions
 b - a potion of magic


   Skills:
 - Level 2.4 Dodging
 - Level 2.4 Stealth
 + Level 3.3 Spellcasting
 * Level 4.8 Summonings


You had 6 spell levels left.
You knew the following spells:

 Your Spells              Type           Power      Damage    Failure   Level
a - Summon Small Mammal   Summ           84%        N/A       1%          1

Your spell library contained the following spells:

 Spells                   Type           Power      Damage    Failure   Level
 Call Imp                 Summ           21%        N/A       3%          2
 Call Canine Familiar     Summ           21%        N/A       6%          3
 Summon Guardian Golem    Hex/Summ       12%        N/A       16%         3
 Summon Lightning Spire   Summ/Air       12%        N/A       47%         4


Dungeon Overview and Level Annotations

Branches:
Dungeon (1/15)

Altars:


Message History

The endoplasm is severely wounded.
Your bat disappears in a puff of smoke!
The endoplasm closely misses you.
You hit the endoplasm.
The endoplasm is almost dead.
The endoplasm hits you.
An endoplasm is nearby!
You hit the endoplasm.
You kill the endoplasm!
No target in view!
No target in view!
Key pressed, stopping explore.
No target in view!
No target in view!
A goblin and a gnoll come into view.
Found 15 gold pieces.
Found 14 gold pieces.
The gnoll closely misses you.
There are monsters nearby!
The gnoll hits you with a +0 spear.
You hit the gnoll.
The gnoll is moderately wounded.
The gnoll hits you with a +0 spear.
* * * LOW HITPOINT WARNING * * *
Unknown command.
Casting: Summon Small Mammal (safe; 1% risk of failure)
Confirm with . or Enter, or press ? or * to list all spells.
The goblin shouts!
The gnoll barely misses you.
A ball python comes into view.
The gnoll barely misses you.
Your quokka barely misses the gnoll.
The goblin hits your quokka with a +0 club.
Your quokka barely misses the goblin.
Your quokka barely misses the goblin.
The gnoll hits you from afar with a +0 spear.
* * * LOW HITPOINT WARNING * * *
Casting: Summon Small Mammal (safe; 1% risk of failure)
Confirm with . or Enter, or press ? or * to list all spells.
Your quokka bites the goblin.
The gnoll hits you from afar with a +0 spear.
You die...

......... #...
$........ #..#
#........ #..#
#$....... #..#
#S....... #..#
#gr......
##+#######..# #g#
#.......##..###r#
#.......'.....@.#
#.......#########
.##..............
.........########
..######.###
#........#..
##.#####.#.#
..... #.#.#
....†##.#.#


You could see a gnoll (ally target), a goblin (ally target), a ball python and 2
friendly quokkas.

Vanquished Creatures
  A bat (D:1)
  An endoplasm (D:1)
2 creatures vanquished.

Vanquished Creatures (collateral kills)
  2 goblins (D:1)
  3 hobgoblins (D:1)
  A kobold (D:1)
  A rat (D:1)
7 creatures vanquished.

Grand Total: 9 creatures vanquished

Notes
Turn   | Place    | Note
-------+----------+-------------------------------------------
     0 | D:1      | ChadusMaximus the Deep Elf Summoner began the quest for the
                  | Orb.
     0 | D:1      | Reached XP level 1. HP: 10/10 MP: 6/6
   354 | D:1      | Reached XP level 2. HP: 15/15 MP: 5/8
   427 | D:1      | Slain by a gnoll

Illustrated notes

Levels and vault maps discovered:
D:1:      dpeg_arrival_tiny_i, layout_basic

Action                   || total
-------------------------++-------
Melee: Unarmed           ||     4
       Dagger            ||    13
       Punch             ||     1
 Cast: Summon Small Mamm ||    13
Armor: Robe              ||     4
Dodge: Dodged            ||    18
